 Dungeon Crawl Stone Soup version 0.28-a0-1356-g2ad6d04315 (webtiles) character file.

Game seed: 13192293181135664606

135 Vash the Insei (level 5, 0/36 HPs)
             Began as a Gnoll Transmuter on Dec 31, 2021.
             Was a Believer of Lugonu.
             Killed from afar by an orc wizard (4 damage)
             ... with a puff of flame
             ... on level 3 of the Dungeon.
             The game lasted 00:04:11 (2614 turns).

Vash the Insei (Gnoll Transmuter)                   Turns: 2614, Time: 00:04:12

Health: 0/36       AC:  2    Str: 11    XL:     5   Next: 18%
Magic:  9/12       EV: 37    Int: 13    God:    Lugonu [**....]
Gold:   162        SH:  0    Dex: 17    Spells: 10/14 levels left

rFire   . . .      SeeInvis .     - Unarmed
rCold   . . .      Faith    .   (shield currently unavailable)
rNeg    . . .      Spirit   .   (armour currently unavailable)
rPois   x          Reflect  .   (helmet currently unavailable)
rElec   .          Harm     .   (cloak currently unavailable)
rCorr   .          Rampage  .   (gloves currently unavailable)
Will    .....                   (boots currently unavailable)
Stlth   ++........              i - amulet of the acrobat
HPRegen 0.12/turn               (no ring)
MPRegen 0.13/turn               (no ring)

@: spider-form (expiring), acrobatic
A: venomous fangs, tiny, (fangs 1), strong nose, distributed training,
deterioration 1, frail 1, (poison resistance), subdued magic 1
a: End Transformation, Renounce Religion, Depart the Abyss, Bend Space


You were on level 3 of the Dungeon.
You worshipped Lugonu.
Lugonu was pleased with you.
You were a venomous arachnid creature.
You visited 1 branch of the dungeon, and saw 3 of its levels.

You collected 162 gold pieces.

Inventory:

Hand Weapons
 h - the +5 quarterstaff of Destruction {flame, Int+3}
   (You found it on level 2 of the Dungeon)

   It burns those it strikes, dealing additional fire damage.
   Int:       It affects your intelligence (+3).
Armour
 a - a +0 robe (melded)
 c - a +0 helmet
 d - a +2 pair of gloves (melded)
Jewellery
 i - an amulet of the acrobat (around neck)
Scrolls
 e - a scroll of immolation {unknown}
 f - 2 scrolls of teleportation {unknown}
 g - a scroll of torment {unknown}
Potions
 k - a potion of heal wounds {unknown}


   Skills:
 + Level 2.9 Fighting
 + Level 1.4 Short Blades
 + Level 1.4 Long Blades
 + Level 1.4 Axes
 + Level 1.4 Maces & Flails
 + Level 1.4 Polearms
 + Level 1.4 Staves
 + Level 1.4 Slings
 + Level 1.4 Bows
 + Level 1.4 Crossbows
 + Level 1.4 Throwing
 + Level 1.4 Armour
 + Level 4.7 Dodging
 + Level 1.4 Stealth
 + Level 1.4 Shields
 + Level 6.6 Unarmed Combat
 + Level 5.1 Spellcasting
 + Level 1.1 Conjurations
 + Level 1.1 Hexes
 + Level 1.1 Summonings
 + Level 1.1 Necromancy
 + Level 1.1 Translocations
 + Level 3.9 Transmutations
 + Level 1.1 Fire Magic
 + Level 1.1 Ice Magic
 + Level 1.1 Air Magic
 + Level 1.1 Earth Magic
 + Level 1.1 Poison Magic
 + Level 1.5 Invocations
 + Level 1.4 Evocations


You had 10 spell levels left.
You knew the following spells:

 Your Spells              Type           Power      Damage    Failure   Level
a - Beastly Appendage     Tmut           20%        N/A       10%         1
b - Spider Form           Tmut/Pois      7%         N/A       34%         3

Your spell library contained the following spells:

 Spells                   Type           Power      Damage    Failure   Level
 Wereblood                Tmut           10%        N/A       13%         2
 Sublimation of Blood     Necr           4%         N/A       32%         2
 Ice Form                 Ice/Tmut       7%         N/A       71%         4
 Summon Hydra             Summ           2%         N/A       100%        7


Dungeon Overview and Level Annotations

Branches:
Dungeon (3/15)

Altars:
Lugonu

Shops:
D:1 (


Innate Abilities, Weirdness & Mutations

You are a venomous arachnid creature.
You have poisonous fangs.
You are tiny and dextrous.
Your spellcasting is less reliable in this form.
Your armour is entirely melded.
You are incapable of wielding weapons or throwing items.
((You have very sharp teeth.))
Your uncanny sense of smell can sniff out nearby items.
Your experience applies equally to all skills.
Your body sometimes deteriorates upon taking damage.
You are frail. (-10% HP)
((Your system is resistant to poisons. (rPois)))
Your spells are a little easier to cast, but a little less powerful.


Message History

It was a potion of curing.
You feel better.
It was a potion of mutation.
You feel extremely strange.
You feel yourself wasting away.
You feel frail.
Your connection to magic feels subdued.
You feel resistant to poisons.
Casting: Beastly Appendage (safe; 2% risk of failure)
Confirm with . or Enter, or press ? or * to list all spells.
The spell is quite dangerous to miscast (17% risk of failure)!
Continue anyway?
Okay, then.
Casting: Spider Form (quite dangerous; 17% risk of failure)
Confirm with . or Enter, or press ? or * to list all spells.
You don't know that spell.
Casting: Spider Form (quite dangerous; 17% risk of failure)
Confirm with . or Enter, or press ? or * to list all spells.
The spell is quite dangerous to miscast (17% risk of failure)!
Continue anyway?
You turn into a venomous arachnid creature.
Your +2 pair of gloves melds into your body.
Your +0 robe melds into your body.
You bite the orc priest!
The orc priest is poisoned.
The orc priest is severely wounded.
The orc priest hits you with a +0 morningstar!
* * * LOW HITPOINT WARNING * * *
You barely miss the orc priest.
The orc priest is severely wounded.
The orc priest closely misses you.
You hit the orc priest.
You kill the orc priest!
Lugonu accepts your kill.
You have reached level 5!
You start resting.
Your transformation is almost over.
Something completely misses you.
You start resting.
Something closely misses you.
You start resting.
You hear some strange, mumbled words.
Something tries to affect you, but you resist.
You start resting.
An orc wizard appears from thin air!
Reactivating autopickup.
The orc wizard points at you and mumbles some strange words.
The puff of flame hits you.
You die...

o.... .o. #.####
#....# #.....†##§#
#####.. #g#
#...##§##
########...#8§8#
#.os.......##§##
#.#######.. #§# #.#
#####§## #.# #8§8#
#§# ### ####§######
#o##8##8##8##.##8##8
#.'.............o...
####8##8##8##.##8##8
### ####.######


You could see an orc wizard.

Vanquished Creatures
  An orc priest (D:3)
  Terence (D:3)
  2 adders (D:3)
  A worm (D:2)
  A dart slug (D:3)
  An orc (D:3)
  7 endoplasms
  4 giant cockroaches
  6 goblins
  4 hobgoblins
  6 jackals
  3 kobolds
  A quokka (D:2)
  4 ball pythons
  7 bats
  2 frilled lizards
51 creatures vanquished.

Notes
Turn   | Place    | Note
-------+----------+-------------------------------------------
     0 | D:1      | Vash the Gnoll Transmuter began the quest for the Orb.
     0 | D:1      | Reached XP level 1. HP: 17/17 MP: 6/6
   176 | D:1      | Found Kiemy's Antique Weapon Shoppe.
   284 | D:1      | Reached XP level 2. HP: 23/23 MP: 5/7
   868 | D:2      | Reached XP level 3. HP: 28/28 MP: 9/9
   884 | D:2      | Reached skill level 5 in Spellcasting
   930 | D:2      | Found a faded altar of an unknown god.
   934 | D:2      | Prayed at the altar of an unknown god.
   934 | D:2      | Became a worshipper of Lugonu the Unformed
   934 | D:2      | Reached * piety under Lugonu
   934 | D:2      | Reached ** piety under Lugonu
  1121 | D:2      | Reached skill level 1 in Invocations
  1202 | D:2      | Identified the +5 quarterstaff of Destruction {flame,
                  | Int+3}
  1659 | D:3      | Noticed Terence
  1672 | D:3      | Killed Terence
  1673 | D:3      | Reached skill level 1 in Short Blades
  1673 | D:3      | Reached skill level 1 in Long Blades
  1673 | D:3      | Reached skill level 1 in Axes
  1673 | D:3      | Reached skill level 1 in Maces & Flails
  1673 | D:3      | Reached skill level 1 in Polearms
  1673 | D:3      | Reached skill level 1 in Staves
  1673 | D:3      | Reached skill level 1 in Slings
  1673 | D:3      | Reached skill level 1 in Bows
  1673 | D:3      | Reached skill level 1 in Crossbows
  1673 | D:3      | Reached skill level 1 in Throwing
  1673 | D:3      | Reached skill level 1 in Armour
  1673 | D:3      | Reached skill level 1 in Stealth
  1673 | D:3      | Reached skill level 1 in Shields
  1673 | D:3      | Reached skill level 1 in Evocations
  1673 | D:3      | Reached XP level 4. HP: 19/34 MP: 11/11
  1811 | D:3      | Learned a level 3 spell: Spider Form
  2056 | D:3      | Reached skill level 1 in Conjurations
  2056 | D:3      | Reached skill level 1 in Hexes
  2056 | D:3      | Reached skill level 1 in Summonings
  2056 | D:3      | Reached skill level 1 in Necromancy
  2056 | D:3      | Reached skill level 1 in Translocations
  2056 | D:3      | Reached skill level 1 in Fire Magic
  2056 | D:3      | Reached skill level 1 in Ice Magic
  2056 | D:3      | Reached skill level 1 in Air Magic
  2056 | D:3      | Reached skill level 1 in Earth Magic
  2056 | D:3      | Reached skill level 1 in Poison Magic
  2606 | D:3      | Gained mutation: Your body sometimes deteriorates upon
                  | taking damage. [potion of mutation]
  2606 | D:3      | Gained mutation: You are frail. (-10% HP) [potion of
                  | mutation]
  2606 | D:3      | Gained mutation: Your spells are a little easier to cast,
                  | but a little less powerful. [potion of mutation]
  2606 | D:3      | Gained mutation: Your system is resistant to poisons.
                  | (rPois) [potion of mutation]
  2611 | D:3      | Reached XP level 5. HP: 3/36 MP: 8/12
  2614 | D:3      | Killed from afar by an orc wizard

Illustrated notes

Levels and vault maps discovered:
D:1:      elethiomel_arrival_quiet, layout_rooms, serial_shops,
          nicolae_shop_hallway_stairs, serial_glass, glass_columns_c,
          glass_columns_c, glass_columns_c, glass_columns_a, glass_columns_a,
          roderic_roman_lattice
D:2:      minmay_evil_eye, layout_loops_cross,
          hellmonk_ecumenical_altar_heavens_door, kennysheep_small_spiral
D:3:      minmay_bubble_buster, layout_loops_cross, dk_noncrumbling_2,
          uniq_terence

Skill      XL: |  1  2  3  4 |
---------------+-------------+-----
Spellcasting   | 5 |  5.1
Invocations    | 1 |  1.5
Short Blades   | 1 |  1.4
Long Blades    | 1 |  1.4
Axes           | 1 |  1.4
Maces & Flails | 1 |  1.4
Polearms       | 1 |  1.4
Staves         | 1 |  1.4
Slings         | 1 |  1.4
Bows           | 1 |  1.4
Crossbows      | 1 |  1.4
Throwing       | 1 |  1.4
Armour         | 1 |  1.4
Stealth        | 1 |  1.4
Shields        | 1 |  1.4
Evocations     | 1 |  1.4
Conjurations   | 1 |  1.1
Hexes          | 1 |  1.1
Summonings     | 1 |  1.1
Necromancy     | 1 |  1.1
Translocations | 1 |  1.1
Fire Magic     | 1 |  1.1
Ice Magic      | 1 |  1.1
Air Magic      | 1 |  1.1
Earth Magic    | 1 |  1.1
Poison Magic   | 1 |  1.1
Fighting       | |  2.9
Dodging        | |  4.7
Unarmed Combat | |  6.6
Transmutations | |  3.9

Action                   |  1- 3 |  4- 6 || total
-------------------------+-------+-------++-------
Melee: Unarmed           |    84 |    38 ||   122
       Kick              |     9 |     3 ||    12
       Headbutt          |     5 |       ||     5
       Punch             |     1 |       ||     1
       Bite              |     1 |     2 ||     3
 Cast: Beastly Appendage |     9 |     2 ||    11
       Spider Form       |       |     1 ||     1
Invok: Bend Space        |       |     3 ||     3
  Use: Scroll            |       |     3 ||     3
       Potion            |       |     2 ||     2
 Stab: Sleeping          |     1 |       ||     1
       Distracted        |     1 |       ||     1
Armor: Robe              |    24 |     6 ||    30
Dodge: Dodged            |    52 |    21 ||    73

Table legend: (Time is in decaauts)
 A = Elapsed time spent in this place.
 B = Non-inter-level travel time spent in this place.
 C = Inter-level travel time spent in this place.
 D = Time resting spent in this place.
 E = Time spent auto-exploring this place.
 F = Levels seen in this place.
 G = Mean time per level.
                   A        B        C        D        E       F      G
               +--------+--------+--------+--------+--------+-----+--------+
         Total |   2599 |   2532 |     67 |    479 |   1545 |   3 |  866.3 |
       Dungeon |   2599 |   2532 |     67 |    479 |   1545 |   3 |  866.3 |
               +--------+--------+--------+--------+--------+-----+--------+

Top non-repeatable levels by time:
     D:2: 979 daAuts
     D:3: 948 daAuts
     D:1: 670 daAuts
